 Dungeon Crawl Stone Soup version 0.22.1-6-g1668fe2c40 (webtiles) character file.

115001 SunlessDungeon the Fighter (level 16, 0/91 HPs)
             Began as a Vine Stalker Fighter on Jan 25, 2019.
             Was the Champion of Okawaru.
             Succumbed to a nagaraja's poison arrow
             ... on level 4 of the Snake Pit.
             The game lasted 00:50:53 (18404 turns).

SunlessDungeon the Fighter (Vine Stalker Fighter)  Turns: 18404, Time: 00:50:53

Health: 0/91       AC: 36    Str: 25    XL:     16   Next: 67%
Magic:  0/23       EV:  5    Int: 13    God:    Okawaru [******]
Gold:   1330       SH: 20    Dex: 19    Spells: 15/22 levels left

rFire    + + .     SeeInvis .   N - +3 war axe (freeze)
rCold    + . .     Gourm    .   Q - +0 large shield
rNeg     . . .     Faith    .   E - +10 plate armour "Ruryus" {*Corrode rPois Regen+ Int+5}
rPois    +         Spirit   +   T - +2 hat {MR+}
rElec    +         Reflect  .   p - +2 cloak
rCorr    +         Harm     .   q - +1 pair of gloves
MR       +++..                  c - +2 pair of boots {run}
Stlth    ..........             (no amulet)
HPRegen  1.45/turn              R - ring of protection from fire
MPRegen  0.18/turn              b - +4 ring of dexterity

@: lethally poisoned (0 -> -1), resistant, quick
A: fangs 3, regeneration 2, magic shield, antimagic bite, no potion heal 3, rot
immunity
a: Heroism, Finesse, Renounce Religion


You were on level 4 of the Snake Pit.
You worshipped Okawaru.
Okawaru was exalted by your worship.
You were hungry.

You visited 5 branches of the dungeon, and saw 23 of its levels.
You also visited: Ossuary and Ice Cave.

You collected 1715 gold pieces.
You spent 385 gold pieces at shops.

Inventory:

Hand Weapons
 N - a +3 war axe of freezing (weapon)
 O - a +3 broad axe of venom
Armour
 c - a +2 pair of boots of running (worn)
 p - a +2 cloak (worn)
 q - a +1 pair of gloves (worn)
 E - the +10 plate armour "Ruryus" (worn) {*Corrode rPois Regen+ Int+5}
   (You found it on level 8 of the Dungeon)

   It affects your intelligence (+5).
   It protects you from poison.
   It increases your rate of regeneration.
   It may corrode you when you take damage.
 Q - a +0 large shield (worn)
 T - a +2 hat of magic resistance (worn)
Jewellery
 a - an uncursed ring of resist corrosion
 b - a +4 ring of dexterity (right hand)
 j - an uncursed ring of poison resistance
 z - an uncursed ring of see invisible
 A - an uncursed ring of protection from magic
 C - a +5 ring of evasion
 I - an uncursed ring of stealth
 L - a +2 ring of evasion
 P - an uncursed ring of flight
 R - a ring of protection from fire (left hand)
 W - a +2 amulet of reflection {unknown}
Wands
 y - a wand of scattershot (5)
 D - a wand of disintegration (7)
 F - a wand of digging (11)
 G - a wand of polymorph (16)
 M - a wand of paralysis (12)
 S - a wand of clouds (5)
 U - a wand of iceblast (10)
Scrolls
 g - 19 scrolls of identify
 h - 3 scrolls of blinking
 i - 6 scrolls of enchant weapon
 k - 11 scrolls of teleportation
 l - a scroll of fog
 m - 12 scrolls of remove curse
 s - 3 scrolls of fear
 u - 6 scrolls of amnesia
 K - 4 scrolls of magic mapping
Potions
 d - 5 potions of might
 e - 15 potions of curing
 n - 6 potions of haste
 o - 2 potions of berserk rage
 r - a potion of resistance
 t - 3 potions of brilliance
 v - 2 potions of invisibility
 w - 2 potions of cancellation
 x - 6 potions of flight
 B - 2 potions of magic
 H - 4 potions of lignification
 J - 3 potions of agility
Comestibles
 f - 28 rations


   Skills:
 * Level 13.4 Fighting
 * Level 13.3 Axes
 * Level 11.2 Armour
 * Level 12.1 Shields
 - Level 3.8 Spellcasting
 - Level 3.6 Charms
 - Level 3.7 Fire Magic
 + Level 9.1 Invocations


You had 15 spell levels left.
You knew the following spells:

 Your Spells              Type           Power        Failure   Level  Hunger
a - Ring of Flames        Chrm/Fire      ##........   100%        7    #######

Your spell library contained the following spells:

 Spells                   Type           Power        Failure   Level  Hunger
 Flame Tongue             Conj/Fire      #....        99%         1    #......
 Beastly Appendage        Tmut           #.....       100%        1    #......
 Freeze                   Ice            #...         100%        1    #......
 Magic Dart               Conj           #...         100%        1    #......
 Blink                    Tloc           N/A          100%        2    ##.....
 Call Imp                 Summ           #.......     100%        2    ##.....
 Poisonous Vapours        Pois/Air       #.....       100%        2    ##.....
 Slow                     Hex            #.......     100%        2    ##.....
 Sticks to Snakes         Tmut           #.......     100%        2    ##.....
 Throw Flame              Conj/Fire      #.....       100%        2    ##.....
 Throw Frost              Conj/Ice       #.....       100%        2    ##.....
 Conjure Flame            Conj/Fire      #.......     100%        3    ###....
 Inner Flame              Hex/Fire       #.......     100%        3    ###....
 Mephitic Cloud           Conj/Pois/Air  #.......     100%        3    ###....
 Ozocubu's Armour         Chrm/Ice       #.......     100%        3    ###....
 Spider Form              Tmut/Pois      #.........   100%        3    ###....
 Cause Fear               Hex            #.........   100%        4    #####..
 Ice Form                 Ice/Tmut       #.......     100%        4    #####..
 Sticky Flame             Conj/Fire      #.......     100%        4    #####..
 Summon Ice Beast         Ice/Summ       #.......     100%        4    #####..
 Throw Icicle             Conj/Ice       #.......     100%        4    #####..
 Blade Hands              Tmut           #.........   100%        5    ######.
 Fireball                 Conj/Fire      #.........   100%        5    ######.
 Metabolic Englaciation   Hex/Ice        #.........   100%        5    ######.
 Silence                  Hex/Air        #.........   100%        5    ######.
 Yara's Violent Unravell  Hex/Tmut       #.........   100%        5    ######.
 Bolt of Cold             Conj/Ice       #.........   100%        6    #######
 Deflect Missiles         Chrm/Air       #.........   100%        6    #######
 Freezing Cloud           Conj/Ice/Air   #.........   100%        6    #######
 Ozocubu's Refrigeration  Ice            #.........   100%        6    #######
 Simulacrum               Ice/Necr       #.........   100%        6    #######
 Discord                  Hex            #.........   100%        8    #######


Dungeon Overview and Level Annotations

Branches:
Dungeon (10/15)            Temple (1/1) D:7            Lair (6/6) D:9
 Shoals (2/4) Lair:4        Snake (4/4) Lair:2          Orc (0/2) D:10
  Slime: Lair:5-6

Altars:
Dithmenos
Elyvilon
Fedhas
Gozag
Hepliaklqana
Okawaru
Qazlal
Ru
Uskayaw
Vehumet
Wu Jian
Xom
Zin

Shops:
D:6 %   D:7 *   D:8 :??=   Shoals:1 =   Snake:2 %

Annotations:
D:9 2 runed doors


Innate Abilities, Weirdness & Mutations

You have razor-sharp teeth.
You heal very quickly.
When hurt, damage is shared between your health and your magic reserves.
Your bite disrupts and absorbs the magic of your enemies.
Potions cannot restore your health.
You are immune to rotting.


Message History

The nagaraja grabs you.
You stop ascending the stairs.
The nagaraja constricts you.
Unknown command.
You escape the nagaraja's grasp.
You feel sick. The naga mage spits poison at you.
You block the splash of poison.
You feel sick. The nagaraja casts a spell at you. The bolt of poison hits you!
You resist.
* * * LOW HITPOINT WARNING * * *
Okay, then.
You feel protected.
The nagaraja is no longer moving quickly.
You feel sick.
The nagaraja gestures at you while chanting.
The poison arrow hits you!
You are more poisoned.
You partially resist.
* * * LOW HITPOINT WARNING * * *
You die...

####.....######...##....#
##..##....#..# #...#####.#
#....##..##..###..## #.#
#.....####........# #.## ##
#..........<.####N# #..####.
#............# ##N# ##...##.
#............# #..# ###....
#...[........###..## ##.....
#.............@....##
###..###.
#............#......###...##
#.
#......#######.####..##.###
#. ##############.###......#
## #.............#########
#..).....###......##...
#........# #...รท.......
########## ##..........
#....[.?...


There were no monsters in sight!

Vanquished Creatures
  Nikola (Snake:1)
  6 nagarajas
  A frost giant (IceCv)
  An orc warlord (D:9)
  Louise (Shoals:1)
  An ice dragon (D:10)
  3 hydras
  10 naga warriors
  12 anacondas
  A merfolk avatar (Shoals:1)
  Erolcha (D:9)
  A catoblepas (Lair:4)
  3 two-headed ogres
  A death yak (IceCv)
  7 naga sharpshooters
  Nergalle (Lair:3)
  13 shock serpents
  2 sea snakes (Shoals:1)
  4 naga ritualists
  2 harpies (Shoals:1)
  6 mana vipers
  2 manticores (Shoals:1)
  2 cyclopes
  7 fauns
  An oklob plant (Snake:2)
  6 salamanders
  23 black mambas
  3 elephants (Lair:4)
  Joseph (D:9)
  6 guardian serpents
  A torpor snail (Lair:6)
  A water nymph (Shoals:2)
  2 merfolk sirens (Shoals:1)
  11 naga magi
  An ice statue (IceCv)
  7 spiny frogs
  4 rime drakes
  2 ice devils (Lair:4)
  7 komodo dragons
  A troll (D:10)
  Prince Ribbit (D:7)
  Grinder (D:3)
  19 polar bears
  5 merfolk
  10 blink frogs
  7 dream sheep
  4 snapping turtles
  13 hippogriffs
  A wraith (D:8)
  35 yaks
  A human (D:8)
  2 wyverns
  2 basilisks
  14 wargs (D:9)
  Menkaure (D:6)
  22 nagas
  5 water moccasins
  6 porcupines
  A phantom (D:4)
  9 orc warriors
  3 sky beasts
  3 ice beasts
  25 wolves
  5 ogres
  6 centaurs
  9 crocodiles
  16 bullfrogs
  A gnoll sergeant (D:7)
  A jelly (D:7)
  2 scorpions
  A water moccasin skeleton (D:10)
  13 killer bees
  6 wights
  4 howler monkeys
  3 electric eels
  2 bullfrog zombies
  4 crimson imps
  A quasit (D:6)
  2 hounds (D:9)
  2 bullfrog skeletons
  A human zombie (Ossuary)
  4 orc priests
  Crazy Yiuf (D:2)
  Jessica (D:2)
  A centaur skeleton (D:7)
  3 iguanas
  6 orc wizards
  11 worker ants
  A big kobold zombie (Ossuary)
  A hound zombie (D:6)
  2 hound skeletons
  A worker ant zombie (D:8)
  3 mummies (Ossuary)
  10 gnolls
  15 adders
  An ooze (D:3)
  A worm (D:2)
  A dart slug (D:5)
  5 leopard geckos
  79 orcs
  4 giant cockroaches
  8 hobgoblins
  6 jackals
  2 quokkas
  A ball python (D:2)
  7 bats
  3 frilled lizards
  13 goblins
  A goblin zombie (Ossuary)
  A hobgoblin zombie (Ossuary)
  5 kobolds
  3 kobold zombies (Ossuary)
  An orc zombie (Ossuary)
  A quokka skeleton (D:6)
  A quokka zombie (D:5)
  6 rats
  3 fungi (Lair:6)
  2 plants
650 creatures vanquished.

Vanquished Creatures (others)
  A merfolk avatar (Shoals:1)
  2 harpies (Shoals:1)
  A naga mage (Snake:4)
  A polar bear (IceCv)
  7 fungi
  2 plants (Lair:6)
14 creatures vanquished.

Grand Total: 664 creatures vanquished

Notes
Turn   | Place    | Note
-------+----------+-------------------------------------------
     0 | D:1      | SunlessDungeon the Vine Stalker Fighter began the quest for
                  | the Orb.
     0 | D:1      | Reached XP level 1. HP: 11/11 MP: 2/2
   655 | D:1      | Reached XP level 2. HP: 16/16 MP: 3/3
  1138 | D:2      | Reached XP level 3. HP: 20/20 MP: 4/4
  1254 | D:2      | Noticed Jessica
  1258 | D:2      | Killed Jessica
  1258 | D:2      | Gained mutation: Your natural rate of healing is unusually
                  | fast. [Vine Stalker growth]
  1258 | D:2      | Reached XP level 4. HP: 17/24 MP: 5/5
  1565 | D:2      | Found a runed door.
  1703 | D:2      | Noticed Crazy Yiuf
  1707 | D:2      | Killed Crazy Yiuf
  1792 | D:3      | Reached XP level 5. HP: 23/28 MP: 4/6
  1943 | D:3      | Noticed Grinder
  1960 | D:3      | Paralysed by Grinder for 5 turns
  1971 | D:3      | Killed Grinder
  1971 | D:3      | Reached XP level 6. HP: 27/33 MP: 7/7
  2401 | D:4      | Noticed a phantom
  2430 | D:4      | Killed a phantom
  2430 | D:4      | Reached XP level 7. HP: 32/37 MP: 5/8
  3020 | D:5      | Entered Level 5 of the Dungeon
  3164 | D:5      | Gained mutation: You have razor-sharp teeth. [Vine Stalker
                  | growth]
  3164 | D:5      | Reached XP level 8. HP: 30/42 MP: 7/9
  3254 | D:5      | Reached skill level 5 in Fighting
  3390 | D:5      | Noticed a hippogriff
  3400 | D:5      | Killed a hippogriff
  3400 | D:5      | Reached skill level 5 in Shields
  3524 | D:6      | Noticed Menkaure
  3535 | D:6      | Killed Menkaure
  3598 | D:6      | Reached skill level 5 in Axes
  3614 | D:6      | Reached skill level 5 in Armour
  3677 | D:6      | Found a glowing silver altar of Zin.
  3859 | D:6      | Found Iniseh's Food Emporium.
  3874 | D:6      | Reached XP level 9. HP: 48/48 MP: 10/10
  4265 | D:7      | Noticed Prince Ribbit
  4276 | D:7      | Killed Prince Ribbit
  4455 | D:7      | Found a staircase to the Ecumenical Temple.
  4789 | D:7      | Found a sand-covered staircase.
  4796 | Ossuary  | Entered an ossuary
  5106 | D:7      | Found Igof's General Store.
  5286 | D:7      | Found a radiant altar of Vehumet.
  5415 | D:8      | Found Lira's Armour Shop.
  5428 | D:8      | Reached XP level 10. HP: 48/53 MP: 11/11
  5632 | D:8      | Found Ipsikh's Book Shop.
  5635 | D:8      | Noticed a two-headed ogre
  5736 | Temple   | Entered the Ecumenical Temple
  5758 | Temple   | Became a worshipper of Warmaster Okawaru
  5785 | D:8      | Found Kuliryor's Magic Scroll Shoppe.
  6008 | D:8      | Found Umoicvim's Jewellery Shop.
  6053 | D:8      | Found Esoef's Magic Scroll Boutique.
  6072 | D:8      | Killed a two-headed ogre
  6072 | D:8      | Reached * piety under Okawaru
  6182 | D:9      | Noticed a fire dragon
  6183 | D:9      | Noticed an ice dragon
  6192 | D:8      | Got a transparent plate armour
  6203 | D:8      | Identified the +10 plate armour "Ruryus" {*Corrode rPois
                  | Regen+ Int+5} (You found it on level 8 of the Dungeon)
  6282 | D:9      | Noticed an ice dragon
  6285 | D:9      | Noticed a fire dragon
  6357 | D:9      | Noticed Erolcha
  6375 | D:9      | Reached ** piety under Okawaru
  6384 | D:9      | Killed Erolcha
  6384 | D:9      | Reached skill level 1 in Invocations
  6389 | D:9      | Noticed Joseph
  6421 | D:9      | Killed Joseph
  6453 | D:9      | Found a runed door.
  6467 | D:9      | Reached *** piety under Okawaru
  6479 | D:9      | Found the +2 shield of Resistance {rF+ rC+ MR+}
  6484 | D:9      | Found a runed door.
  6490 | D:9      | Noticed a cyclops
  6500 | D:9      | Killed a cyclops
  6500 | D:9      | Reached XP level 11. HP: 52/60 MP: 13/13
  6582 | D:9      | Found a staircase to the Lair.
  6587 | Lair:1   | Entered Level 1 of the Lair of Beasts
  6706 | Lair:1   | Reached **** piety under Okawaru
  7286 | Lair:2   | Found a staircase to the Snake Pit.
  7299 | Lair:2   | Reached ***** piety under Okawaru
  7384 | Lair:2   | Got a faintly glowing buckler
  7395 | Lair:2   | Identified the cursed -1 buckler "Yschiem" {Str+4 Int+4}
                  | (You found it on level 2 of the Lair of Beasts)
  8226 | Lair:3   | Received a gift from Okawaru
  8229 | Lair:3   | Got a smoking chain mail {god gift}
  8240 | Lair:3   | Identified the +4 chain mail of the Neverending Lovers
                  | {rPois rF- Int+3 Dex+4} (Okawaru gifted it to you on level
                  | 3 of the Lair of Beasts)
  8373 | Lair:3   | Noticed Nergalle
  8388 | Lair:3   | Killed Nergalle
  8388 | Lair:3   | Gained mutation: You heal very quickly. [Vine Stalker
                  | growth]
  8388 | Lair:3   | Reached XP level 12. HP: 63/67 MP: 14/16
  8928 | Lair:4   | Found a staircase to the Shoals.
  9013 | Lair:4   | Noticed a catoblepas
  9025 | Lair:4   | Killed a catoblepas
  9167 | Lair:4   | Found a frozen archway.
  9183 | Lair:4   | Reached skill level 10 in Fighting
  9192 | IceCv    | Entered an ice cave
  9322 | IceCv    | Reached skill level 5 in Invocations
  9363 | IceCv    | Reached skill level 10 in Axes
  9548 | IceCv    | Noticed a death yak
  9575 | IceCv    | Killed a death yak
  9575 | IceCv    | Received a gift from Okawaru
  9575 | IceCv    | Reached XP level 13. HP: 60/72 MP: 14/18
  9671 | IceCv    | Noticed a frost giant
  9705 | IceCv    | Killed a frost giant
 10769 | Lair:5   | Received a gift from Okawaru
 11475 | Lair:6   | Entered Level 6 of the Lair of Beasts
 11488 | Lair:6   | Reached ****** piety under Okawaru
 11629 | Lair:6   | Received a gift from Okawaru
 11989 | D:9      | Reached XP level 14. HP: 72/79 MP: 17/20
 11996 | D:9      | Reached skill level 10 in Shields
 12075 | D:9      | Noticed an orc warlord
 12097 | D:9      | Killed an orc warlord
 12355 | D:9      | Learned a level 7 spell: Ring of Flames
 12755 | D:10     | Entered Level 10 of the Dungeon
 12798 | D:10     | Received a gift from Okawaru
 13584 | D:10     | Found a staircase to the Orcish Mines.
 13901 | Shoals:1 | Entered Level 1 of the Shoals
 13910 | Shoals:1 | Reached skill level 1 in Fire Magic
 13921 | Shoals:1 | Reached skill level 1 in Spellcasting
 13939 | Shoals:1 | Reached skill level 1 in Charms
 14002 | Shoals:1 | Found Wasuzuischy's Jewellery Shop.
 14078 | Shoals:1 | Bought an uncursed ring of resist corrosion for 220 gold
                  | pieces
 14078 | Shoals:1 | Bought an uncursed ring of see invisible for 165 gold
                  | pieces
 14694 | Shoals:2 | Noticed Louise
 14726 | Shoals:1 | Killed Louise
 14799 | Shoals:2 | Received a gift from Okawaru
 14949 | Snake:1  | Entered Level 1 of the Snake Pit
 15033 | Snake:1  | Noticed Nikola
 15052 | Snake:1  | Killed Nikola
 15052 | Snake:1  | Received a gift from Okawaru
 15115 | Snake:1  | Reached XP level 15. HP: 85/85 MP: 21/21
 15249 | Snake:1  | Reached skill level 10 in Armour
 15297 | Snake:1  | Received a gift from Okawaru
 15311 | Snake:1  | Identified a +2 pair of boots of running (Okawaru gifted it
                  | to you on level 1 of the Snake Pit)
 16098 | Snake:2  | Found a blossoming altar of Fedhas.
 16218 | Snake:2  | Noticed a nagaraja
 16231 | Snake:2  | HP: 4/85 [shock serpent/bolt of electricity (13)]
 16307 | Snake:2  | Killed a nagaraja
 16316 | Snake:2  | Found Fereudd's Food Emporium.
 17079 | Snake:3  | Received a gift from Okawaru
 17527 | Snake:3  | Noticed a nagaraja
 17535 | Snake:3  | Killed a nagaraja
 17606 | Snake:4  | Entered Level 4 of the Snake Pit
 17612 | Snake:4  | Reached XP level 16. HP: 82/90 MP: 23/23
 17646 | Snake:4  | Received a gift from Okawaru
 18094 | Snake:4  | Noticed a nagaraja
 18115 | Snake:4  | Killed a nagaraja
 18118 | Snake:4  | Noticed a nagaraja
 18140 | Snake:4  | Killed a nagaraja
 18275 | Snake:4  | Noticed a nagaraja
 18286 | Snake:4  | Killed a nagaraja
 18325 | Snake:4  | Noticed a nagaraja
 18342 | Snake:4  | Killed a nagaraja
 18361 | Snake:4  | Noticed a nagaraja
 18400 | Snake:4  | HP: 1/91 [nagaraja/bolt of poison (5)]
 18404 | Snake:4  | Succumbed to a nagaraja's poison arrow

Skill      XL: |  1  2  3  4  5  6  7  8  9 10 11 12 13 14 15 16 |
---------------+-------------------------------------------------+-----
Axes           | 2 3 4 5 6 7 9 10 11 12 13 | 13.3
Fighting       | 3 4 5 6 8 9 10 11 12 13 | 13.4
Shields        | 3 4 5 6 7 8 9 10 11 12 | 12.1
Armour         | 3 4 5 6 7 8 9 10 11 | 11.2
Invocations    | 2 4 5 7 8 9 |  9.1
Fire Magic     | 2 3 |  3.7
Spellcasting   | 2 3 |  3.8
Charms         | 2 3 |  3.6

Action                   |  1- 3 |  4- 6 |  7- 9 | 10-12 | 13-15 | 16-18 || total
-------------------------+-------+-------+-------+-------+-------+-------++-------
Melee: War axe           |    85 |   117 |   404 |   653 |   868 |   253 ||  2380
       Bite              |    16 |    35 |   130 |   277 |   518 |   138 ||  1114
       Broad axe         |       |       |       |       |   264 |       ||   264
Invok: Heroism           |       |       |       |     7 |     9 |     2 ||    18
       Finesse           |       |       |       |     1 |     5 |     1 ||     7
  Use: Potion            |     1 |       |       |       |     2 |     1 ||     4
       Scroll            |       |       |    28 |     3 |     7 |       ||    38
 Stab: Invisible         |       |       |       |       |     9 |       ||     9
  Eat: Chunk             |     1 |     3 |    10 |    16 |    17 |     2 ||    49
       Ration            |       |       |       |       |     3 |       ||     3
Armor: Scale mail        |    52 |    83 |   177 |    17 |       |       ||   329
       Plate armour      |       |       |       |   314 |   672 |   115 ||  1101
Dodge: Dodged            |    21 |    58 |   115 |   308 |   405 |    29 ||   936
Block: Shield            |    53 |    76 |   235 |   484 |   493 |       ||  1341
       Large shield      |       |       |       |       |   361 |   224 ||   585
